Rangers vs Ducks

Created - January 15, 2016 at 17:19

Goals
1 2 3 T
Rangers 2 0 1 3
Ducks 1 0 1 2
Shots
1 2 3 T
Rangers 6 12 6 24
Ducks 18 4 8 30

1st period

1. Rangers , Tomas Tatar 13 (Kris Russell) at 8:28
2. Rangers , Alex Goligoski 5 (Tomas Tatar, Chris Tanev) at 12:10 (PP)
3. Ducks , Wayne Simmonds 21 (Anton Lander, Roman Polak) at 13:56

Penalties :
Zemgus Girgensons (NYR) for Roughing (Minor) at 9:19, Dennis Seidenberg (ANA) for Holding (Minor) at 11:56, Alex Goligoski (NYR) for Slashing (Minor) at 18:52

2nd period

No Goal

Penalties :
Willie Mitchell (ANA) for Interference (Minor) at 4:11, Wayne Simmonds (ANA) for Roughing (Minor) at 14:45

3rd period

4. Rangers , Chris Tanev 4 (Tyler Ennis, Zemgus Girgensons) at 7:59 (PP)
5. Ducks , Roman Polak 1 (Boone Jenner, Mark Scheifele) at 13:10

Penalties :
Willie Mitchell (ANA) for Slashing (Double Minor) at 7:25, Alec Martinez (ANA) for Holding (Minor) at 14:23, Anton Volchenkov (NYR) for Roughing (Minor) at 19:19

Goalie Stats

Brian Elliott (NYR), 28 saves from 30 shots - (0.933), W, 19-19-1, 60:00 minutes
Kari Lehtonen (ANA), 21 saves from 24 shots - (0.875), L, 14-17-7, 58:32 minutes

Players Stats for Rangers

Player Name              G  A  P  +/- PIM S  H  SB GA TA FO     MP     PP MP  PK MP  
------------------------------------------------------------------------------------
Alex Goligoski           1  0  1   0  2   1  2  0  0  0  0/0    23:45   5:39   0:27 
Anton Volchenkov         0  0  0   0  2   0  2  1  0  0  0/0    14:57   0:00   0:00 
Benoit Pouliot           0  0  0   0  0   1  1  0  0  0  1/2    14:38   4:15   0:00 
Brad Richards            0  0  0   0  0   2  0  1  0  0  3/5     8:01   0:20   0:17 
Chris Tanev              1  1  2  -1  0   1  0  2  0  0  0/0    19:34   4:45   0:32 
Craig Smith              0  0  0   0  0   1  0  0  0  0  0/2    14:38   4:15   0:00 
David Jones              0  0  0   0  0   0  0  0  0  0  0/1     7:24   0:00   0:00 
Eric Brewer              0  0  0   0  0   0  1  5  0  0  0/0    17:49   0:00   3:08 
Jaromir Jagr             0  0  0   0  0   3  0  0  0  0  0/1    19:22   4:29   0:00 
Karl Alzner              0  0  0  -1  0   0  1  1  0  0  0/0    20:44   3:05   3:39 
Kris Russell             0  1  1   0  0   0  0  0  0  0  0/0    23:09   3:59   1:30 
Lance Bouma              0  0  0   0  0   2  2  0  0  0  5/19   11:07   0:00   0:44 
Matt Calvert             0  0  0   0  0   0  0  0  0  0  0/0     7:24   0:00   0:00 
Mikael Backlund          0  0  0  -1  0   1  2  0  0  0  1/2    17:52   0:00   3:54 
Sean Couturier           0  0  0  -1  0   2  1  0  0  0  12/23  17:52   0:00   3:54 
Tomas Tatar              1  1  2   0  0   2  1  0  0  0  2/4    19:08   4:15   0:00 
Tyler Ennis              0  1  1  -1  0   0  3  0  0  0  2/4    18:07   4:09   0:00 
Zemgus Girgensons        0  1  1   0  2   8  1  0  0  0  13/24  19:48   4:29   0:27 

Players Stats for Ducks

Player Name              G  A  P  +/- PIM S  H  SB GA TA FO     MP     PP MP  PK MP  
------------------------------------------------------------------------------------
Alec Martinez            0  0  0   1  2   1  0  0  0  0  0/0    17:29   2:10   0:38 
Anton Lander             0  1  1   1  0   0  0  1  0  0  1/1    19:48   2:10   0:24 
Boone Jenner             0  1  1   0  0   0  2  0  0  0  0/0    17:42   2:28   0:00 
Brandon Dubinsky         0  0  0   0  0   5  1  0  0  0  14/24  16:38   2:28   0:00 
Curtis Glencross         0  0  0   0  0   2  2  0  0  0  2/4    14:10   0:00   0:00 
Dave Bolland             0  0  0   1  0   3  2  0  0  0  15/27  20:10   2:10   2:48 
Dennis Seidenberg        0  0  0   0  2   1  5  1  0  0  0/0    18:08   0:00   4:20 
Jarome Iginla            0  0  0   0  0   3  0  0  0  0  0/0    16:38   2:28   0:00 
Jay Bouwmeester          0  0  0   0  0   3  0  1  0  0  0/0    20:01   0:00   4:20 
John Klingberg           0  0  0   0  0   0  1  2  0  0  0/0    20:23   2:28   1:40 
John Scott               0  0  0   0  0   0  1  0  0  0  0/0     4:20   2:28   0:00 
Jordan Staal             0  0  0   0  0   3  1  0  0  0  10/20  15:52   0:00   0:00 
Mark Scheifele           0  1  1   0  0   3  1  0  0  0  0/0    19:04   0:00   3:12 
Paul Gaustad             0  0  0   0  0   0  2  0  0  0  6/10    6:56   0:00   5:32 
Roman Polak              1  1  2   1  0   1  2  1  0  0  0/0    19:06   0:00   4:24 
Wayne Simmonds           1  0  1   1  2   3  3  0  0  0  0/1    17:21   2:10   0:00 
Willie Mitchell          0  0  0   0  6   0  2  4  0  0  0/0    18:19   0:00   2:06 
Yannick Weber            0  0  0   0  0   2  0  2  0  0  0/0     9:06   2:10   5:32 

3 Stars

1 - Roman Polak (ANA)
2 - Tomas Tatar (NYR)
3 - Chris Tanev (NYR)

Power Play

Rangers - 2 on 6 Attempt(s) - 33.33%
Ducks - 0 on 3 Attempt(s) - 0.00%

Penalty Kill

Rangers - 3 on 3 Attempt(s) - 100.00% - Score 0 goal in Penalty Kill
Ducks - 4 on 6 Attempt(s) - 66.67% - Score 0 goal in Penalty Kill

Team Stat

Rangers - Hits : 17 - Faceoff Wins : 39 - Blocked Shots : 10 - Penalty Minutes : 6
Ducks - Hits : 25 - Faceoff Wins : 48 - Blocked Shots : 12 - Penalty Minutes : 12

Official

Referees : Mike Hasenfratz and Dennis LaRue
Linesman : Andy McElman and Pierre Champoux

Game Notes

No Game Note

Finance

Level 1 -- Attendance: 6385 (98.23%) -- Ticket Income $702,350
Level 2 -- Attendance: 4540 (90.80%) -- Ticket Income $340,500
Level 3 -- Attendance: 2600 (100.00%) -- Ticket Income $145,600
Level 4 -- Attendance: 2074 (100.00%) -- Ticket Income $82,960
Luxury Box -- Attendance: 1000 (100.00%) -- Ticket Income $199,000
Game was played at the Honda Center.
Total Attendance: 16599 (96.65%)
Total Ticket Income: $1,470,410
Other Income: $220,562
Total Income: $1,690,972

% Time on Ice - Rangers

Lines # - Real PCT - Wanted PCT - Time Play
Normal Forward
1 - 32% - 40% - 14:53
2 - 30% - 30% - 13:58
3 - 22% - 20% - 10:23
4 - 16% - 10% - 7:24
Normal Defense
1 - 36% - 40% - 16:49
2 - 30% - 30% - 14:00
3 - 32% - 20% - 14:58
4 - 2% - 10% - 0:51
PP Forward
1 - 51% - 60% - 4:29
2 - 49% - 40% - 4:15
PP Defense
1 - 65% - 60% - 5:39
2 - 35% - 40% - 3:05
PK Forward
1 - 84% - 60% - 3:54
2 - 16% - 40% - 0:44
PK Defense
1 - 32% - 60% - 1:30
2 - 68% - 40% - 3:08
PK3 Forward
1 - 0% - 60%
2 - 0% - 40%
PK3 Defense
1 - 0% - 60%
2 - 0% - 40%
44 Forward
1 - 0% - 60%
2 - 0% - 40%
44 Defense
1 - 0% - 60%
2 - 0% - 40%
Last Minute Offensive  - 0:00
Last Minute Defensive  - 0:00
Total
Forward - 60:00
Defense - 60:00

% Time on Ice - Ducks

Lines # - Real PCT - Wanted PCT - Time Play
Normal Forward
1 - 30% - 31% - 14:10
2 - 34% - 31% - 15:52
3 - 33% - 31% - 15:12
4 - 3% - 7% - 1:24
Normal Defense
1 - 35% - 36% - 16:15
2 - 30% - 33% - 13:49
3 - 32% - 31% - 14:42
4 - 4% - 0% - 1:52
PP Forward
1 - 53% - 58% - 2:28
2 - 47% - 42% - 2:10
PP Defense
1 - 53% - 59% - 2:28
2 - 47% - 41% - 2:10
PK Forward
1 - 68% - 58% - 5:56
2 - 32% - 42% - 2:48
PK Defense
1 - 50% - 59% - 4:24
2 - 50% - 41% - 4:20
PK3 Forward
1 - 0% - 52%
2 - 0% - 48%
PK3 Defense
1 - 0% - 59%
2 - 0% - 41%
44 Forward
1 - 0% - 56%
2 - 0% - 44%
44 Defense
1 - 0% - 52%
2 - 0% - 48%
Last Minute Offensive  - 0:00
Last Minute Defensive  - 0:00
Total
Forward - 60:00
Defense - 60:00

Play by Play

1st period


0:01 of 1st period - Zemgus Girgensons wins face-off versus Brandon Dubinsky in neutral zone.
0:38 of 1st period - Shot by Brandon Dubinsky.
0:38 of 1st period - Shot Misses the Net.
1:04 of 1st period - Icing by Chris Tanev.
1:05 of 1st period - Sean Couturier wins face-off versus Dave Bolland in Rangers zone.
1:11 of 1st period - Icing by Sean Couturier.
1:12 of 1st period - Jordan Staal wins face-off versus Sean Couturier in Rangers zone.
1:49 of 1st period - Shot by Mark Scheifele.
1:49 of 1st period - Stopped by Brian Elliott with a rebound.
1:51 of 1st period - Shot by Boone Jenner.
1:51 of 1st period - Shot Misses the Net.
1:53 of 1st period - Shot by Dennis Seidenberg.
1:53 of 1st period - Stopped by Brian Elliott without a rebound.
1:54 of 1st period - Dave Bolland wins face-off versus Lance Bouma in Rangers zone.
1:58 of 1st period - Icing by Anton Volchenkov.
1:59 of 1st period - Dave Bolland wins face-off versus Lance Bouma in Rangers zone.
1:59 of 1st period - Dave Bolland is hit by Anton Volchenkov.
2:12 of 1st period - Icing by Eric Brewer.
2:13 of 1st period - Paul Gaustad wins face-off versus Lance Bouma in Rangers zone.
2:20 of 1st period - Shot by Yannick Weber.
2:20 of 1st period - Stopped by Brian Elliott with a rebound.
2:27 of 1st period - Lance Bouma is hit by Paul Gaustad and loses puck.
2:31 of 1st period - Eric Brewer is hit by John Scott and loses puck.
2:41 of 1st period - Eric Brewer is hit by Paul Gaustad and loses puck.
4:11 of 1st period - Shot by Jaromir Jagr.
4:11 of 1st period - Shot Misses the Net.
4:13 of 1st period - Shot by Zemgus Girgensons.
4:13 of 1st period - Stopped by Kari Lehtonen without a rebound.
4:14 of 1st period - Sean Couturier wins face-off versus Brandon Dubinsky in Ducks zone.
4:30 of 1st period - Tyler Ennis is hit by Curtis Glencross and loses puck.
4:39 of 1st period - Shot by Brandon Dubinsky.
4:39 of 1st period - Stopped by Brian Elliott with a rebound.
4:41 of 1st period - Shot by Brandon Dubinsky.
4:41 of 1st period - Deflect By Curtis Glencross.
4:41 of 1st period - Stopped by Brian Elliott without a rebound.
4:42 of 1st period - Zemgus Girgensons wins face-off versus Dave Bolland in Rangers zone.
4:55 of 1st period - Shot by Dave Bolland.
4:55 of 1st period - Shot Misses the Net.
5:02 of 1st period - Icing by Alex Goligoski.
5:03 of 1st period - Zemgus Girgensons wins face-off versus Brandon Dubinsky in Rangers zone.
5:28 of 1st period - Shot by Tomas Tatar.
5:28 of 1st period - Stopped by Kari Lehtonen without a rebound.
5:29 of 1st period - Sean Couturier wins face-off versus Dave Bolland in Ducks zone.
5:29 of 1st period - Sean Couturier is hit by Dennis Seidenberg.
6:01 of 1st period - Shot by Anton Lander.
6:01 of 1st period - Shot Hit the Post.
6:03 of 1st period - Shot by Wayne Simmonds.
6:03 of 1st period - Shot Misses the Net.
6:05 of 1st period - Shot by Jay Bouwmeester.
6:05 of 1st period - Stopped by Brian Elliott with a rebound.
6:07 of 1st period - Shot by Jay Bouwmeester.
6:07 of 1st period - Stopped by Brian Elliott without a rebound.
6:08 of 1st period - Jordan Staal wins face-off versus Lance Bouma in Rangers zone.
6:19 of 1st period - Shot by Benoit Pouliot.
6:19 of 1st period - Stopped by Kari Lehtonen without a rebound.
6:20 of 1st period - Brandon Dubinsky wins face-off versus Zemgus Girgensons in Ducks zone.
6:42 of 1st period - Shot by Jarome Iginla.
6:42 of 1st period - Shot Misses the Net.
6:54 of 1st period - Shot by Jarome Iginla.
6:54 of 1st period - Stopped by Brian Elliott without a rebound.
6:55 of 1st period - Lance Bouma wins face-off versus Dave Bolland in Rangers zone.
7:00 of 1st period - Craig Smith is hit by Wayne Simmonds and loses puck.
7:21 of 1st period - Chris Tanev is hit by Dennis Seidenberg and loses puck.
7:55 of 1st period - Benoit Pouliot is hit by Boone Jenner and loses puck.
8:28 of 1st period - Shot by Tomas Tatar.
8:28 of 1st period - Goal by Tomas Tatar - Rangers : 1 - Ducks : 0.
8:29 of 1st period - Brandon Dubinsky wins face-off versus Sean Couturier in neutral zone.
8:29 of 1st period - Brandon Dubinsky is hit by Mikael Backlund.
8:34 of 1st period - John Klingberg is hit by Eric Brewer and loses puck.
8:41 of 1st period - Shot by Jarome Iginla.
8:41 of 1st period - Stopped by Brian Elliott without a rebound.
8:42 of 1st period - Brandon Dubinsky wins face-off versus Zemgus Girgensons in Rangers zone.
8:42 of 1st period - Jarome Iginla is hit by Alex Goligoski and loses puck.
9:04 of 1st period - Icing by Kris Russell.
9:05 of 1st period - Dave Bolland wins face-off versus Zemgus Girgensons in Rangers zone.
9:05 of 1st period - Dave Bolland is hit by Alex Goligoski.
9:19 of 1st period - Minor Penalty to Zemgus Girgensons for Roughing.
9:20 of 1st period - Brandon Dubinsky wins face-off versus Sean Couturier in Rangers zone.
9:23 of 1st period - Shot by Boone Jenner.
9:23 of 1st period - Shot Misses the Net.
10:35 of 1st period - Shot by Anton Lander.
10:35 of 1st period - Shot Blocked by Karl Alzner.
10:43 of 1st period - Shot by Wayne Simmonds.
10:43 of 1st period - Shot Misses the Net.
10:49 of 1st period - Shot by Wayne Simmonds.
10:49 of 1st period - Shot Misses the Net.
10:51 of 1st period - Shot by Alec Martinez.
10:51 of 1st period - Shot Misses the Net.
11:48 of 1st period - Shot by Zemgus Girgensons.
11:48 of 1st period - Stopped by Kari Lehtonen with a rebound.
11:51 of 1st period - Tomas Tatar is hit by Dennis Seidenberg.
11:56 of 1st period - Minor Penalty to Dennis Seidenberg for Holding.
11:57 of 1st period - Paul Gaustad wins face-off versus Craig Smith in Ducks zone.
12:10 of 1st period - Shot by Alex Goligoski.
12:10 of 1st period - Goal by Alex Goligoski - Rangers : 2 - Ducks : 0.
12:11 of 1st period - Brandon Dubinsky wins face-off versus David Jones in neutral zone.
12:23 of 1st period - Shot by Curtis Glencross.
12:23 of 1st period - Stopped by Brian Elliott with a rebound.
12:25 of 1st period - Shot by Alec Martinez.
12:25 of 1st period - Shot Blocked by Anton Volchenkov.
12:27 of 1st period - Shot by Brandon Dubinsky.
12:27 of 1st period - Stopped by Brian Elliott without a rebound.
12:28 of 1st period - Jordan Staal wins face-off versus Craig Smith in Rangers zone.
12:35 of 1st period - Shot by Jordan Staal.
12:35 of 1st period - Stopped by Brian Elliott without a rebound.
12:36 of 1st period - Brad Richards wins face-off versus Brandon Dubinsky in Rangers zone.
12:36 of 1st period - Brad Richards is hit by Brandon Dubinsky.
13:20 of 1st period - Icing by Matt Calvert.
13:21 of 1st period - Dave Bolland wins face-off versus Brad Richards in Rangers zone.
13:56 of 1st period - Shot by Wayne Simmonds.
13:56 of 1st period - Goal by Wayne Simmonds - Rangers : 2 - Ducks : 1.
13:57 of 1st period - Zemgus Girgensons wins face-off versus Jordan Staal in neutral zone.
14:20 of 1st period - Shot by Jordan Staal.
14:20 of 1st period - Stopped by Brian Elliott without a rebound.
14:21 of 1st period - Brandon Dubinsky wins face-off versus Sean Couturier in Rangers zone.
14:40 of 1st period - Off-side.
14:41 of 1st period - Zemgus Girgensons wins face-off versus Dave Bolland in neutral zone.
14:54 of 1st period - Shot by Jaromir Jagr.
14:54 of 1st period - Shot Misses the Net.
14:56 of 1st period - Shot by Jaromir Jagr.
14:56 of 1st period - Shot Misses the Net.
14:58 of 1st period - Shot by Tomas Tatar.
14:58 of 1st period - Shot Misses the Net.
15:10 of 1st period - Shot by Jaromir Jagr.
15:10 of 1st period - Shot Misses the Net.
16:34 of 1st period - Off-side.
16:35 of 1st period - Brandon Dubinsky wins face-off versus Lance Bouma in neutral zone.
17:02 of 1st period - Jarome Iginla is hit by Lance Bouma and loses puck.
17:58 of 1st period - Shot by Dave Bolland.
17:58 of 1st period - Stopped by Brian Elliott with a rebound.
18:00 of 1st period - Shot by Jay Bouwmeester.
18:00 of 1st period - Shot Blocked by Chris Tanev.
18:06 of 1st period - Shot by Dave Bolland.
18:06 of 1st period - Stopped by Brian Elliott without a rebound.
18:07 of 1st period - Brad Richards wins face-off versus Jordan Staal in Rangers zone.
18:18 of 1st period - Shot by Jordan Staal.
18:18 of 1st period - Stopped by Brian Elliott with a rebound.
18:52 of 1st period - Minor Penalty to Alex Goligoski for Slashing.
18:53 of 1st period - Dave Bolland wins face-off versus Mikael Backlund in Rangers zone.
18:56 of 1st period - Shot by Alec Martinez.
18:56 of 1st period - Shot Misses the Net.
18:58 of 1st period - Shot by Yannick Weber.
18:58 of 1st period - Stopped by Brian Elliott without a rebound.
18:59 of 1st period - Dave Bolland wins face-off versus Sean Couturier in Rangers zone.
19:08 of 1st period - Shot by Anton Lander.
19:08 of 1st period - Deflect By Wayne Simmonds.
19:08 of 1st period - Shot Misses the Net.
19:10 of 1st period - Shot by Yannick Weber.
19:10 of 1st period - Deflect By Dave Bolland.
19:10 of 1st period - Shot Blocked by Eric Brewer.
19:12 of 1st period - Shot by Yannick Weber.
19:12 of 1st period - Shot Misses the Net.
19:14 of 1st period - Shot by Yannick Weber.
19:14 of 1st period - Shot Blocked by Eric Brewer.
19:16 of 1st period - Shot by Anton Lander.
19:16 of 1st period - Shot Misses the Net.
19:18 of 1st period - Shot by Dave Bolland.
19:18 of 1st period - Shot Blocked by Eric Brewer.
19:22 of 1st period - Shot by Wayne Simmonds.
19:22 of 1st period - Shot Blocked by Eric Brewer.
19:24 of 1st period - Shot by Dave Bolland.
19:24 of 1st period - Shot Misses the Net.
19:41 of 1st period - Icing by Alec Martinez.
19:42 of 1st period - Dave Bolland wins face-off versus Zemgus Girgensons in Ducks zone.
19:49 of 1st period - Icing by Yannick Weber.
19:50 of 1st period - Mikael Backlund wins face-off versus Dave Bolland in Ducks zone.
Goals for this period are 2 for Rangers vs 1 for Ducks.
Shots for this period are 6 for Rangers vs 18 for Ducks.

2nd period


0:01 of 2nd period - Brandon Dubinsky wins face-off versus Sean Couturier in neutral zone.
0:41 of 2nd period - Icing by John Klingberg.
0:42 of 2nd period - Zemgus Girgensons wins face-off versus Brandon Dubinsky in Ducks zone.
0:47 of 2nd period - Shot by Lance Bouma.
0:47 of 2nd period - Stopped by Kari Lehtonen with a rebound.
0:56 of 2nd period - Off-side.
0:57 of 2nd period - Anton Lander wins face-off versus Zemgus Girgensons in neutral zone.
1:21 of 2nd period - Shot by Wayne Simmonds.
1:21 of 2nd period - Shot Misses the Net.
1:23 of 2nd period - Shot by Jay Bouwmeester.
1:23 of 2nd period - Stopped by Brian Elliott without a rebound.
1:24 of 2nd period - Jordan Staal wins face-off versus Sean Couturier in Rangers zone.
1:37 of 2nd period - Shot by Tyler Ennis.
1:37 of 2nd period - Deflect By Sean Couturier.
1:37 of 2nd period - Stopped by Kari Lehtonen without a rebound.
1:38 of 2nd period - Lance Bouma wins face-off versus Brandon Dubinsky in Ducks zone.
1:38 of 2nd period - Lance Bouma is hit by John Klingberg.
1:40 of 2nd period - Shot by Craig Smith.
1:40 of 2nd period - Shot Blocked by John Klingberg.
2:02 of 2nd period - Shot by Jarome Iginla.
2:02 of 2nd period - Shot Misses the Net.
3:11 of 2nd period - Shot by Wayne Simmonds.
3:11 of 2nd period - Stopped by Brian Elliott without a rebound.
3:12 of 2nd period - Zemgus Girgensons wins face-off versus Jordan Staal in Rangers zone.
3:24 of 2nd period - Shot by Jaromir Jagr.
3:24 of 2nd period - Shot Blocked by Jay Bouwmeester.
3:28 of 2nd period - Shot by Jaromir Jagr.
3:28 of 2nd period - Stopped by Kari Lehtonen without a rebound.
3:29 of 2nd period - Sean Couturier wins face-off versus Brandon Dubinsky in Ducks zone.
3:29 of 2nd period - Tyler Ennis is hit by Willie Mitchell and loses puck.
4:11 of 2nd period - Minor Penalty to Willie Mitchell for Interference.
4:12 of 2nd period - Paul Gaustad wins face-off versus Tyler Ennis in Ducks zone.
5:51 of 2nd period - Shot by Jaromir Jagr.
5:51 of 2nd period - Shot Misses the Net.
5:53 of 2nd period - Shot by Zemgus Girgensons.
5:53 of 2nd period - Deflect By Brad Richards.
5:53 of 2nd period - Stopped by Kari Lehtonen without a rebound.
5:54 of 2nd period - Dave Bolland wins face-off versus Tyler Ennis in Ducks zone.
6:11 of 2nd period - Icing by Tyler Ennis.
6:12 of 2nd period - Brad Richards wins face-off versus Brandon Dubinsky in Rangers zone.
6:14 of 2nd period - Icing by David Jones.
6:15 of 2nd period - Jordan Staal wins face-off versus Brad Richards in Rangers zone.
6:23 of 2nd period - David Jones is hit by Dennis Seidenberg and loses puck.
6:41 of 2nd period - Icing by Dennis Seidenberg.
6:42 of 2nd period - Jordan Staal wins face-off versus Lance Bouma in Ducks zone.
7:05 of 2nd period - Shot by Lance Bouma.
7:05 of 2nd period - Shot Misses the Net.
7:26 of 2nd period - Shot by Lance Bouma.
7:26 of 2nd period - Stopped by Kari Lehtonen without a rebound.
7:27 of 2nd period - Zemgus Girgensons wins face-off versus Brandon Dubinsky in Ducks zone.
7:44 of 2nd period - Shot by Jaromir Jagr.
7:44 of 2nd period - Stopped by Kari Lehtonen without a rebound.
7:45 of 2nd period - Sean Couturier wins face-off versus Dave Bolland in Ducks zone.
7:54 of 2nd period - Sean Couturier is hit by Dave Bolland and loses puck.
7:59 of 2nd period - Shot by Dave Bolland.
7:59 of 2nd period - Deflect By Wayne Simmonds.
7:59 of 2nd period - Shot Misses the Net.
8:01 of 2nd period - Shot by Alec Martinez.
8:01 of 2nd period - Stopped by Brian Elliott without a rebound.
8:02 of 2nd period - Zemgus Girgensons wins face-off versus Jordan Staal in Rangers zone.
8:35 of 2nd period - Shot by Jaromir Jagr.
8:35 of 2nd period - Stopped by Kari Lehtonen without a rebound.
8:36 of 2nd period - Sean Couturier wins face-off versus Dave Bolland in Ducks zone.
8:39 of 2nd period - Shot by Tyler Ennis.
8:39 of 2nd period - Deflect By Sean Couturier.
8:39 of 2nd period - Shot Blocked by Roman Polak.
9:57 of 2nd period - Icing by Chris Tanev.
9:58 of 2nd period - Sean Couturier wins face-off versus Jordan Staal in Rangers zone.
10:22 of 2nd period - Jay Bouwmeester is hit by Tomas Tatar and loses puck.
10:35 of 2nd period - Shot by Zemgus Girgensons.
10:35 of 2nd period - Stopped by Kari Lehtonen without a rebound.
10:36 of 2nd period - Brandon Dubinsky wins face-off versus Lance Bouma in Ducks zone.
10:41 of 2nd period - Shot by Anton Volchenkov.
10:41 of 2nd period - Deflect By Craig Smith.
10:41 of 2nd period - Stopped by Kari Lehtonen without a rebound.
10:42 of 2nd period - Dave Bolland wins face-off versus Lance Bouma in Ducks zone.
10:44 of 2nd period - Icing by Willie Mitchell.
10:45 of 2nd period - Zemgus Girgensons wins face-off versus Wayne Simmonds in Ducks zone.
10:59 of 2nd period - Shot by Zemgus Girgensons.
10:59 of 2nd period - Stopped by Kari Lehtonen without a rebound.
11:00 of 2nd period - Curtis Glencross wins face-off versus Lance Bouma in Ducks zone.
11:00 of 2nd period - Curtis Glencross is hit by Lance Bouma.
11:05 of 2nd period - Off-side.
11:06 of 2nd period - Dave Bolland wins face-off versus Zemgus Girgensons in neutral zone.
11:31 of 2nd period - Icing by Zemgus Girgensons.
11:32 of 2nd period - Curtis Glencross wins face-off versus Zemgus Girgensons in Rangers zone.
12:41 of 2nd period - Shot by Dave Bolland.
12:41 of 2nd period - Shot Blocked by Chris Tanev.
14:02 of 2nd period - Icing by Karl Alzner.
14:03 of 2nd period - Sean Couturier wins face-off versus Curtis Glencross in Rangers zone.
14:13 of 2nd period - Icing by Roman Polak.
14:14 of 2nd period - Brandon Dubinsky wins face-off versus Lance Bouma in Ducks zone.
14:36 of 2nd period - Off-side.
14:37 of 2nd period - Dave Bolland wins face-off versus Jaromir Jagr in neutral zone.
14:45 of 2nd period - Minor Penalty to Wayne Simmonds for Roughing.
14:46 of 2nd period - Benoit Pouliot wins face-off versus Paul Gaustad in Ducks zone.
14:51 of 2nd period - Shot by Tomas Tatar.
14:51 of 2nd period - Shot Misses the Net.
14:56 of 2nd period - Chris Tanev is hit by Roman Polak.
15:15 of 2nd period - Benoit Pouliot is hit by Dennis Seidenberg and loses puck.
16:00 of 2nd period - Shot by Zemgus Girgensons.
16:00 of 2nd period - Stopped by Kari Lehtonen without a rebound.
16:01 of 2nd period - Tomas Tatar wins face-off versus Paul Gaustad in Ducks zone.
16:20 of 2nd period - Shot by Kris Russell.
16:20 of 2nd period - Shot Misses the Net.
17:10 of 2nd period - Shot by Curtis Glencross.
17:10 of 2nd period - Shot Blocked by Brad Richards.
17:54 of 2nd period - Shot by Boone Jenner.
17:54 of 2nd period - Shot Hit the Post.
19:26 of 2nd period - Shot by Brandon Dubinsky.
19:26 of 2nd period - Deflect By Jarome Iginla.
19:26 of 2nd period - Shot Blocked by Eric Brewer.
19:30 of 2nd period - Shot by Brandon Dubinsky.
19:30 of 2nd period - Stopped by Brian Elliott without a rebound.
19:31 of 2nd period - Zemgus Girgensons wins face-off versus Jordan Staal in Rangers zone.
19:33 of 2nd period - Alex Goligoski is hit by Boone Jenner and loses puck.
19:40 of 2nd period - Shot by Zemgus Girgensons.
19:40 of 2nd period - Stopped by Kari Lehtonen without a rebound.
19:41 of 2nd period - Sean Couturier wins face-off versus Curtis Glencross in Ducks zone.
19:42 of 2nd period - Shot by Alex Goligoski.
19:42 of 2nd period - Shot Misses the Net.
19:49 of 2nd period - Icing by Jay Bouwmeester.
19:50 of 2nd period - Zemgus Girgensons wins face-off versus Brandon Dubinsky in Ducks zone.
19:57 of 2nd period - Alex Goligoski is hit by Curtis Glencross and loses puck.
Goals for this period are 0 for Rangers vs 0 for Ducks.
Shots for this period are 12 for Rangers vs 4 for Ducks.

3rd period


0:01 of 3rd period - Zemgus Girgensons wins face-off versus Dave Bolland in neutral zone.
0:01 of 3rd period - Zemgus Girgensons is hit by Dave Bolland.
0:16 of 3rd period - Wayne Simmonds is hit by Zemgus Girgensons and loses puck.
0:33 of 3rd period - Alex Goligoski is hit by Wayne Simmonds and loses puck.
0:41 of 3rd period - Shot by Zemgus Girgensons.
0:41 of 3rd period - Shot Misses the Net.
0:43 of 3rd period - Shot by Kris Russell.
0:43 of 3rd period - Shot Blocked by Willie Mitchell.
1:22 of 3rd period - Off-side.
1:23 of 3rd period - Brandon Dubinsky wins face-off versus Lance Bouma in neutral zone.
1:35 of 3rd period - Off-side.
1:36 of 3rd period - Sean Couturier wins face-off versus Jordan Staal in neutral zone.
1:38 of 3rd period - Off-side.
1:39 of 3rd period - Sean Couturier wins face-off versus Jordan Staal in neutral zone.
1:45 of 3rd period - Icing by Jordan Staal.
1:46 of 3rd period - Sean Couturier wins face-off versus Jordan Staal in Ducks zone.
2:03 of 3rd period - Off-side.
2:04 of 3rd period - Dave Bolland wins face-off versus Zemgus Girgensons in neutral zone.
3:08 of 3rd period - Off-side.
3:09 of 3rd period - Jordan Staal wins face-off versus Lance Bouma in neutral zone.
4:33 of 3rd period - Sean Couturier is hit by Willie Mitchell and loses puck.
4:36 of 3rd period - Shot by Mikael Backlund.
4:36 of 3rd period - Stopped by Kari Lehtonen without a rebound.
4:37 of 3rd period - Paul Gaustad wins face-off versus Tomas Tatar in Ducks zone.
4:42 of 3rd period - Shot by Tomas Tatar.
4:42 of 3rd period - Shot Blocked by Anton Lander.
5:06 of 3rd period - Shot by Zemgus Girgensons.
5:06 of 3rd period - Stopped by Kari Lehtonen without a rebound.
5:07 of 3rd period - Jordan Staal wins face-off versus Sean Couturier in Ducks zone.
5:07 of 3rd period - Jordan Staal is hit by Sean Couturier.
5:27 of 3rd period - Shot by Mikael Backlund.
5:27 of 3rd period - Shot Misses the Net.
5:55 of 3rd period - Alec Martinez is hit by Mikael Backlund and loses puck.
6:26 of 3rd period - Shot by Zemgus Girgensons.
6:26 of 3rd period - Shot Misses the Net.
6:43 of 3rd period - Off-side.
6:44 of 3rd period - Dave Bolland wins face-off versus Lance Bouma in neutral zone.
6:51 of 3rd period - Shot by Dave Bolland.
6:51 of 3rd period - Stopped by Brian Elliott without a rebound.
6:52 of 3rd period - Lance Bouma wins face-off versus Dave Bolland in Rangers zone.
6:52 of 3rd period - Lance Bouma is hit by Wayne Simmonds.
7:08 of 3rd period - Shot by Lance Bouma.
7:08 of 3rd period - Shot Blocked by Willie Mitchell.
7:25 of 3rd period - Double Minor Penalty to Willie Mitchell for Slashing.
7:26 of 3rd period - Tyler Ennis wins face-off versus Paul Gaustad in Ducks zone.
7:57 of 3rd period - Shot by Tyler Ennis.
7:57 of 3rd period - Shot Blocked by Yannick Weber.
7:59 of 3rd period - Shot by Chris Tanev.
7:59 of 3rd period - Goal by Chris Tanev - Rangers : 3 - Ducks : 1.
8:00 of 3rd period - Tomas Tatar wins face-off versus Paul Gaustad in neutral zone.
9:07 of 3rd period - Shot by Chris Tanev.
9:07 of 3rd period - Shot Misses the Net.
9:09 of 3rd period - Shot by Zemgus Girgensons.
9:09 of 3rd period - Stopped by Kari Lehtonen without a rebound.
9:10 of 3rd period - Tyler Ennis wins face-off versus Dave Bolland in Ducks zone.
10:16 of 3rd period - Shot by Brad Richards.
10:16 of 3rd period - Stopped by Kari Lehtonen without a rebound.
10:17 of 3rd period - Lance Bouma wins face-off versus Dave Bolland in Ducks zone.
10:38 of 3rd period - Shot by Dave Bolland.
10:38 of 3rd period - Shot Misses the Net.
11:07 of 3rd period - Shot by Tyler Ennis.
11:07 of 3rd period - Shot Hit the Post.
12:07 of 3rd period - Icing by Willie Mitchell.
12:08 of 3rd period - Brandon Dubinsky wins face-off versus Zemgus Girgensons in Ducks zone.
12:59 of 3rd period - Karl Alzner is hit by Mark Scheifele and loses puck.
13:08 of 3rd period - Shot by Boone Jenner.
13:08 of 3rd period - Shot Misses the Net.
13:10 of 3rd period - Shot by Roman Polak.
13:10 of 3rd period - Goal by Roman Polak - Rangers : 3 - Ducks : 2.
13:11 of 3rd period - Lance Bouma wins face-off versus Jordan Staal in neutral zone.
13:11 of 3rd period - Lance Bouma is hit by Jordan Staal.
13:26 of 3rd period - Alex Goligoski is hit by Roman Polak and loses puck.
13:29 of 3rd period - Shot by Lance Bouma.
13:29 of 3rd period - Shot Misses the Net.
13:50 of 3rd period - Icing by Jordan Staal.
13:51 of 3rd period - Jordan Staal wins face-off versus Sean Couturier in Ducks zone.
13:51 of 3rd period - Jordan Staal is hit by Tyler Ennis.
13:57 of 3rd period - Jordan Staal is hit by Tyler Ennis and loses puck.
14:11 of 3rd period - Alec Martinez is hit by Tyler Ennis and loses puck.
14:22 of 3rd period - Shot by Sean Couturier.
14:22 of 3rd period - Stopped by Kari Lehtonen with a rebound.
14:23 of 3rd period - Minor Penalty to Alec Martinez for Holding.
14:24 of 3rd period - Paul Gaustad wins face-off versus Tomas Tatar in Ducks zone.
14:30 of 3rd period - Icing by Chris Tanev.
14:31 of 3rd period - Paul Gaustad wins face-off versus Benoit Pouliot in Rangers zone.
14:55 of 3rd period - Shot by Benoit Pouliot.
14:55 of 3rd period - Shot Blocked by Dennis Seidenberg.
15:05 of 3rd period - Willie Mitchell is hit by Benoit Pouliot and loses puck.
15:38 of 3rd period - Shot by Kris Russell.
15:38 of 3rd period - Shot Blocked by Yannick Weber.
15:48 of 3rd period - Shot by Zemgus Girgensons.
15:48 of 3rd period - Shot Blocked by Willie Mitchell.
15:56 of 3rd period - Shot by Karl Alzner.
15:56 of 3rd period - Shot Blocked by Willie Mitchell.
16:29 of 3rd period - Shot by Matt Calvert.
16:29 of 3rd period - Shot Blocked by John Klingberg.
17:01 of 3rd period - Shot by Brad Richards.
17:01 of 3rd period - Deflect By Matt Calvert.
17:01 of 3rd period - Shot Misses the Net.
17:33 of 3rd period - Shot by Wayne Simmonds.
17:33 of 3rd period - Shot Misses the Net.
17:35 of 3rd period - Shot by Wayne Simmonds.
17:35 of 3rd period - Shot Misses the Net.
17:49 of 3rd period - Shot by Wayne Simmonds.
17:49 of 3rd period - Stopped by Brian Elliott with a rebound.
18:17 of 3rd period - Shot by Boone Jenner.
18:17 of 3rd period - Shot Misses the Net.
18:19 of 3rd period - Shot by Boone Jenner.
18:19 of 3rd period - Shot Misses the Net.
18:21 of 3rd period - Shot by Mark Scheifele.
18:21 of 3rd period - Shot Misses the Net.
18:23 of 3rd period - Shot by Mark Scheifele.
18:23 of 3rd period - Stopped by Brian Elliott without a rebound.
18:24 of 3rd period - Brandon Dubinsky wins face-off versus Zemgus Girgensons in Rangers zone.
18:27 of 3rd period - Shot by Brandon Dubinsky.
18:27 of 3rd period - Stopped by Brian Elliott without a rebound.
18:28 of 3rd period - Jordan Staal wins face-off versus Zemgus Girgensons in Rangers zone.
18:32 of 3rd period - Ducks, Kari Lehtonen is pulled from the net.
18:33 of 3rd period - Boone Jenner is hit by Karl Alzner and loses puck.
18:54 of 3rd period - Shot by Mark Scheifele.
18:54 of 3rd period - Stopped by Brian Elliott without a rebound.
18:55 of 3rd period - Dave Bolland wins face-off versus Lance Bouma in Rangers zone.
18:59 of 3rd period - Anton Lander is hit by Anton Volchenkov and loses puck.
19:08 of 3rd period - Shot by Dave Bolland.
19:08 of 3rd period - Shot Misses the Net.
19:19 of 3rd period - Minor Penalty to Anton Volchenkov for Roughing.
19:20 of 3rd period - Brandon Dubinsky wins face-off versus Sean Couturier in Rangers zone.
19:42 of 3rd period - Shot by Brandon Dubinsky.
19:42 of 3rd period - Stopped by Brian Elliott with a rebound.
19:44 of 3rd period - Shot by Jarome Iginla.
19:44 of 3rd period - Stopped by Brian Elliott without a rebound.
19:45 of 3rd period - Dave Bolland wins face-off versus Sean Couturier in Rangers zone.
Goals for this period are 1 for Rangers vs 1 for Ducks.
Shots for this period are 6 for Rangers vs 8 for Ducks.